 Dungeon Crawl Stone Soup version 0.29.0-4-gdea44cf6ec (webtiles) character file.

Game seed: 10537191307640775776

86 qw the Chopper (level 4, 0/26 HPs)
             Began as a Tengu Warper on Aug 28, 2022.
             Slain by a gnoll
             ... wielding a +1 mace of protection
              (9 damage)
             ... on level 2 of the Dungeon.
             The game lasted 00:00:12 (1864 turns).

qw the Chopper (Tengu Warper)                       Turns: 1864, Time: 00:00:12

Health: 0/26       AC:  6    Str: 14    XL:     4   Next: 50%
Magic:  8/8        EV:  9    Int: 13    God:
Gold:   67         SH:  0    Dex: 13    Spells: 7/7 levels left

rFire   . . .      SeeInvis .   Y - +0 hand axe
rCold   . . .      Faith    .   (no shield)
rNeg    . . .      Spirit   .   f - +0 scale mail
rPois   .          Reflect  .   (helmet restricted)
rElec   .          Harm     .   (no cloak)
rCorr   .          Rampage  .   (no gloves)
Will    .....                   (boots unavailable)
Stlth   ..........              (no amulet)
HPRegen 0.08/turn               (no ring)
MPRegen 0.11/turn               (no ring)

@: no status effects
A: beak, talons 3
a: no special abilities


You were on level 2 of the Dungeon.
You visited 1 branch of the dungeon, and saw 2 of its levels.

You collected 67 gold pieces.


Innate Abilities, Weirdness & Mutations

You have a beak for a mouth.
You have claws for feet.


   Skills:
 - Level 2.0 Fighting
 + Level 5.1 Axes
 - Level 1.0 Throwing
 - Level 1.1 Armour
 - Level 2.1 Dodging
 - Level 2.0 Spellcasting
 - Level 2.4 Translocations


You had 7 spell levels left.
You didn't know any spells.
Your spell library contained the following spells:

 Spells                   Type           Power      Damage    Failure   Level
 Blink                    Tloc           14%        N/A       54%         2
 Gell's Gravitas          Tloc           7%         N/A       77%         3
 Lesser Beckoning         Tloc           7%         N/A       77%         3
 Teleport Other           Tloc           7%         N/A       77%         3
 Manifold Assault         Tloc           7%         N/A       100%        5

Inventory:

Hand Weapons
 l - a +2 whip of draining
 Y - a +0 hand axe (weapon)
Armour
 f - a +0 scale mail (worn)
Scrolls
 g - 2 scrolls of identify
Potions
 a - a potion of attraction {unknown}
 i - a potion of curing {unknown}
 k - a potion of degeneration {unknown}
 m - a potion of lignification {unknown}

Dungeon Overview and Level Annotations

Branches:
Dungeon (2/15)

Altars:


Message History

You see here a giant cockroach corpse.
1852 ||| Stepping ~*~*~tactically~*~*~ (stealth).
The gnoll shouts!
You hear a shout!
You hear an angry hiss.
You hear a shout!
You see here a giant cockroach corpse.
Throw: javelin
Press: ? - help, Q - select action Shift-Dir - straight line, f - gnoll You throw a javelin.
The javelin pierces through the gnoll but does no damage.
The gnoll throws a throwing net.
The throwing net completely misses you.
A giant cockroach comes into view.
You hit the giant cockroach.
The giant cockroach is heavily wounded.
The giant cockroach barely misses you.
You hit the giant cockroach.
The giant cockroach is severely wounded.
The giant cockroach bites you but does no damage.
The gnoll throws a throwing net.
The throwing net hits you.
You become entangled in the net!
The giant cockroach bites you but does no damage.
You tear a large gash into the net.
The giant cockroach barely misses you.
You struggle against the net.
The giant cockroach bites you but does no damage.
The gnoll hits you with a +1 mace of protection.
You struggle against the net.
The giant cockroach barely misses you.
The gnoll hits you with a +1 mace of protection.
You shred the net and break free! The giant cockroach bites you.
The gnoll closely misses you.
You closely miss the giant cockroach.
The giant cockroach is severely wounded.
You hit the gnoll but do no damage. The giant cockroach bites you.
The gnoll hits you with a +1 mace of protection!
The giant cockroach bites you.
You hit the giant cockroach.
You kill the giant cockroach!
You hit the gnoll but do no damage.
The gnoll hits you with a +1 mace of protection!
You die...

#.....##~~~~~..
#.....# #~~~~##
#.....# #~~~~~.
#.....###~~~~~.
#.......88~~~~~
#..............
#..............
########..)....88~~~~~
#...g@.......#####~~~~
#.#()#####.### #~~~~
.....# #.# #~~~~
...###.. #.# ##~~~ #.#
#(# #.# #~~~ . #.. #..
#~~~ (.. #.. ##~~ ##.
... #~~ #~~


You could see a gnoll.

Vanquished Creatures
  Robin (D:2)
  2 adders (D:2)
  A worm (D:2)
  2 dart slugs (D:1)
  An orc (D:2)
  2 ball pythons
  6 endoplasms
  5 giant cockroaches
  8 goblins
  2 hobgoblins (D:1)
  2 jackals (D:2)
  2 kobolds
  3 quokkas
  2 bats
  A frilled lizard (D:1)
  3 rats (D:2)
43 creatures vanquished.

Notes
Turn   | Place    | Note
-------+----------+-------------------------------------------
     0 | D:1      | qw the Tengu Warper began the quest for the Orb.
     0 | D:1      | Reached XP level 1. HP: 12/12 MP: 4/4
     0 | D:1      | 0 ||| qw: Version: 0.1-a-89-g26bdef1
     0 | D:1      | 0 ||| qw: Game counter: 2409
     0 | D:1      | 0 ||| qw: Always use a shield: true
     0 | D:1      | 0 ||| qw: God list: Okawaru
     0 | D:1      | 0 ||| qw: Allow faded altars: false
     0 | D:1      | 0 ||| qw: Do Orc after D:15 true
     0 | D:1      | 0 ||| qw: Do second Lair branch before Depths: true
     0 | D:1      | 0 ||| qw: Lair rune preference: random
     0 | D:1      | 0 ||| qw: Plans: Normal
     0 | D:1      | 0 ||| PLANNING D:1-11
   168 | D:1      | Noticed a shining eye
   170 | D:1      | Found a faded altar of an unknown god.
   172 | D:1      | Noticed an eye of devastation
   172 | D:1      | Noticed a golden eye
   172 | D:1      | Noticed a floating eye
   239 | D:1      | Reached XP level 2. HP: 13/17 MP: 6/6
   318 | D:1      | Reached skill level 3 in Axes
   566 | D:1      | 566 ||| DROPPING +0 club.
   671 | D:1      | 671 ||| Stepping ~*~*~tactically~*~*~ (stealth).
   991 | D:1      | Reached XP level 3. HP: 21/21 MP: 7/7
  1138 | D:1      | 1138 ||| UPGRADING to +0 scale mail.
  1148 | D:1      | 1148 ||| DROPPING +0 leather armour.
  1149 | D:1      | 1149 ||| READING scroll labelled NECVUE ASITO.
  1150 | D:1      | 1150 ||| READING scroll labelled QYSCHO POAMEPHEKK.
  1153 | D:1      | 1153 ||| READING 2 scrolls labelled KEEGUTI UDWEP.
  1154 | D:1      | 1154 ||| READING scroll labelled TAVVAQ OTESE.
  1155 | D:1      | 1155 ||| READING 2 scrolls labelled BIARPHU JOTRYLL.
  1156 | D:1      | 1156 ||| DROPPING scroll of blinking.
  1157 | D:1      | 1157 ||| DROPPING scroll of magic mapping.
  1158 | D:1      | 1158 ||| Stepping randomly (stuck).
  1159 | D:1      | 1159 ||| Stepping ~*~*~tactically~*~*~ (cloud).
  1324 | D:2      | 1324 ||| Stepping ~*~*~tactically~*~*~ (stealth).
  1396 | D:2      | Reached skill level 4 in Axes
  1656 | D:2      | Reached XP level 4. HP: 26/26 MP: 8/8
  1660 | D:2      | 1660 ||| Stepping ~*~*~tactically~*~*~ (stealth).
  1661 | D:2      | 1661 ||| Stepping ~*~*~tactically~*~*~ (stealth).
  1663 | D:2      | 1663 ||| Stepping ~*~*~tactically~*~*~ (stealth).
  1667 | D:2      | 1667 ||| Stepping ~*~*~tactically~*~*~ (stealth).
  1669 | D:2      | Noticed Robin
  1670 | D:2      | 1670 ||| Stepping ~*~*~tactically~*~*~ (hiding).
  1673 | D:2      | 1673 ||| Stepping ~*~*~tactically~*~*~ (hiding).
  1674 | D:2      | 1674 ||| Stepping ~*~*~tactically~*~*~ (hiding).
  1675 | D:2      | 1675 ||| Stepping ~*~*~tactically~*~*~ (hiding).
  1685 | D:2      | Killed Robin
  1773 | D:2      | Reached skill level 5 in Axes
  1815 | D:2      | Identified the +6 short sword of Xosaghi {vorpal, rF+}
  1826 | D:2      | 1826 ||| Stepping ~*~*~tactically~*~*~ (stealth).
  1851 | D:2      | 1851 ||| Stepping ~*~*~tactically~*~*~ (stealth).
  1852 | D:2      | 1852 ||| Stepping ~*~*~tactically~*~*~ (stealth).
  1864 | D:2      | Slain by a gnoll

Levels and vault maps discovered:
D:1:      eino_arrival_tree_alley, layout_basic,
          hellmonk_ecumenical_altar_watching_god, lemuel_another_geyser
D:2:      wander_river, layout_basic, chequers_avenue, minmay_fractal_squares_5,
          uniq_robin

Skill      XL: |  1  2  3  4 |
---------------+-------------+-----
Axes           | 3 4 5 |  5.1
Fighting       | |  2.0
Throwing       | |  1.0
Armour         | |  1.1
Dodging        | |  2.1
Spellcasting   | |  2.0
Translocations | |  2.4

Action                   |  1- 3 |  4- 6 || total
-------------------------+-------+-------++-------
Melee: Hand axe          |    62 |    26 ||    88
       Kick              |    19 |     7 ||    26
       Peck              |     7 |     4 ||    11
Throw: Boomerang         |     7 |       ||     7
       Javelin           |    13 |     9 ||    22
  Use: Scroll            |     5 |       ||     5
Armor: Leather armour    |     9 |       ||     9
       Scale mail        |    16 |    12 ||    28
Dodge: Dodged            |    38 |    12 ||    50

Table legend:
 A = Non-vault XP
 B = Vault XP
 C = Vault XP percentage of total XP
 D = Non-vault monster count
 E = Vault monster count
 F = Vault count percentage of total count
                 A         B        C        D         E       F
            +---------+---------+-------+---------+---------+-------
      Total |      94 |      32 |  25.4 |      34 |       9 |  20.9
            +---------+---------+-------+---------+---------+-------
        D:1 |      34 |       0 |   0.0 |      16 |       0 |   0.0
        D:2 |      60 |      32 |  34.8 |      18 |       9 |  33.3
            +---------+---------+-------+---------+---------+-------
